 Dungeon Crawl Stone Soup version 0.31-a0-640-g39d97e502b (webtiles) character file.

Game seed: 7905227923211826289

8239 rvierbuc the Fighter (level 11, -9/89 HPs)
             Began as a Demonspawn Berserker on Aug 27, 2023.
             Was an Elder of Trog.
             Mangled by a death yak (16 damage)
             ... on level 11 of the Dungeon.
             The game lasted 00:28:33 (10440 turns).

rvierbuc the Fighter (Demonspawn Berserker)        Turns: 10440, Time: 00:28:35

Health: -9/89      AC: 19    Str: 28    XL:     11   Next: 7%
Magic:  11/11      EV: 16    Int:  8    God:    Trog [****..]
Gold:   756        SH:  0    Dex: 13    Spells: 10/10 levels left

rFire   . . .        L - +0 war axe
rCold   . . .        g - orb {light}
rNeg    + . .        O - +2 chain mail {Will+}
rPois   .            b - +2 helmet
rElec   .            c - scarf {+Inv}
rCorr   .            G - +0 pair of gloves
SInv    .            l - +0 pair of boots
Will    +....        (no amulet) Stlth
                     h - +6 ring of strength
HPRegen 0.34/turn    K - ring of positive energy
MPRegen 0.12/turn

%: repel missiles
@: on berserk cooldown, hasted and slowed, glowing
A: repulsion field 3, foul stench 2, spiny 1
a: Renounce Religion, Evoke Invisibility, Berserk, Trog's Hand, Brothers in Arms


You were on level 11 of the Dungeon.
You worshipped Trog.
Trog was greatly pleased with you.
You visited 1 branch of the dungeon, and saw 11 of its levels.
You also visited: Sewer.

You collected 756 gold pieces.

Inventory:

Hand Weapons
 a - a +0 hand axe
 d - a +0 short sword of venom
 L - a +0 war axe (weapon)
Missiles
 p - 28 poisoned darts (quivered)
 A - 2 throwing nets
Armour
 b - a +2 helmet (worn)
 c - a scarf of invisibility (worn)
 g - an orb of light (worn)
 l - a +0 pair of boots (worn)
 B - a +0 plate armour
 G - a +0 pair of gloves (worn)
 O - a +2 chain mail of willpower (worn)
Jewellery
 h - a +6 ring of strength (left hand)
 F - a ring of ice
 K - a ring of positive energy (right hand)
 N - an amulet of magic regeneration
Wands
 s - a wand of charming (6)
 x - a wand of roots (7)
 I - a wand of flame (27)
Scrolls
 e - 3 scrolls of enchant armour {unknown}
 i - a scroll of enchant weapon {unknown}
 k - a scroll of fog
 m - 4 scrolls of identify
 q - 2 scrolls of revelation {unknown}
 r - 3 scrolls of immolation {unknown}
 t - a scroll of silence {unknown}
 v - 2 scrolls of poison {unknown}
 y - 5 scrolls of fear {unknown}
 C - 5 scrolls of teleportation {unknown}
 E - a scroll of noise {unknown}
 H - a scroll of vulnerability {unknown}
Potions
 f - 3 potions of heal wounds
 j - 3 potions of attraction
 n - 2 potions of lignification
 o - 3 potions of curing
 u - 2 potions of mutation {unknown}
 w - a potion of magic {unknown}
 z - a potion of haste
 D - a potion of berserk rage
 J - 2 potions of might {unknown}
 M - a potion of resistance {unknown}


   Skills:
 + Level 9.2 Fighting
 + Level 8.4 Axes
 + Level 8.1 Armour
 + Level 8.1 Dodging


You had 10 spell levels left.
You didn't know any spells.
Your spell library was empty.

Dungeon Overview and Level Annotations

Branches:
Dungeon (11/15)            Temple (0/1) D:6             Orc (0/2) D:10
  Sewer (visited)
   Lair: D:8-11

Altars:
Dithmenos
Hepliaklqana
Kikubaaqudgha
Makhleb
Okawaru
Sif Muna
Trog
Uskayaw
Wu Jian
Xom
Yredelemnul


Innate Abilities, Weirdness & Mutations

You are surrounded by a strong repulsion field. (EV +4, RMsl)
You sometimes emit foul miasma when damaged in melee.
You are partially covered in sharp spines.


Message History

You are no longer berserk.
You are exhausted.
You feel yourself slow down.
The death yak is engulfed in dark miasma.
The death yak is poisoned.
The death yak gores you.
The death yak is engulfed in dark miasma.
The death yak is poisoned.
The death yak seems to slow down.
The death yak misses you. The yak gores you but does no damage.
Okay, then.
Okay, then.
You feel yourself speed up.
The death yak is no longer moving slowly.
The death yak is engulfed in dark miasma.
The death yak looks even sicker.
The death yak gores you but does no damage.
The yak gores you but does no damage.
The death yak is engulfed in dark miasma.
The death yak looks even sicker.
The death yak is struck by your spines. The death yak gores you!
* * * LOW HITPOINT WARNING * * *
Okay, then.
Aiming: Charm
Press: ? - help, Shift-Dir - straight line, f - death yak
Aim: a death yak (foul pestilence, heavily wounded, very poisoned, haloed, chance to affect: 1%)
The death yak resists with almost no effort.
The death yak is engulfed in dark miasma.
The death yak looks even sicker.
The death yak is struck by your spines. The death yak gores you.
* * * LOW HITPOINT WARNING * * *
The yak gores you but does no damage.
The death yak is engulfed in dark miasma.
The death yak looks even sicker.
The death yak gores you!
* * * LOW HITPOINT WARNING * * *
You hit the yak but do no damage.
The yak is almost dead.
You hit the death yak but do no damage. x2
The death yak is engulfed in dark miasma.
The death yak looks as sick as possible!
The death yak seems to slow down.
The death yak gores you!
You die...

.....########
.....#..'...#
.....'.##.###.#####
.....####.....#...#
#+#### #.#####.#.#
. #.......#.# ##.#
###......# .....
###..####Y#......
#.......#@YY.....
#.......##Y....#.
#.......# ##.....
###.......# .....
#.........#### ....
#.#.......#..# ...
#.#.......[.## ##.
#.#.......###
+.#.......#


You could see 2 death yaks and 2 yaks.

Vanquished Creatures
  A two-headed ogre (D:10)
  A death yak (D:11)
  Pikel (D:9)
  Jeremiah (D:7)
  A kobold demonologist (D:9)
  A troll (D:9)
  2 hornets
  Sigmund (D:4)
  7 yaks
  A wraith (D:10)
  2 humans (D:9)
  2 steam dragons (D:8)
  Grum (D:9)
  4 orc warriors
  2 ice beasts
  Pargi (Sewer)
  2 sky beasts
  2 wolves (D:9)
  4 centaurs
  Blork the orc (D:5)
  2 kobold brigands (D:10)
  A gnoll sergeant (D:6)
  4 bullfrogs
  2 scorpions
  4 wights (D:8)
  4 killer bees (D:8)
  5 hounds
  4 jellies
  5 orc priests
  A gnoll bouda (D:5)
  2 sleepcaps (D:7)
  Ijyb (D:3)
  An iguana (D:5)
  8 orc wizards
  Robin (D:3)
  12 gnolls
  9 adders
  A shadow imp (D:6)
  2 white imps
  An ufetubus (D:5)
  4 worms
  3 dart slugs
  19 orcs
  13 bats
  5 endoplasms
  4 giant cockroaches
  12 goblins
  10 hobgoblins
  A quokka (D:2)
  2 ball pythons
  6 frilled lizards
  A goblin skeleton (D:4)
  15 kobolds
  2 kobold skeletons (D:4)
  8 rats
213 creatures vanquished.

Vanquished Creatures (others)
  An ogre (D:4)
1 creature vanquished.

Grand Total: 214 creatures vanquished

Notes
Turn   | Place    | Note
-------+----------+-------------------------------------------
     0 | D:1      | rvierbuc the Demonspawn Berserker began the quest for the
                  | Orb.
     0 | D:1      | Reached XP level 1. HP: 18/18 MP: 1/1
    15 | D:1      | Noticed a minotaur zombie
    15 | D:1      | Noticed a merfolk zombie
    19 | D:1      | Noticed a merfolk zombie
   131 | D:1      | Gained mutation: You may rarely emit foul miasma when
                  | damaged in melee. [demonic ancestry]
   131 | D:1      | Reached XP level 2. HP: 21/24 MP: 2/2
   866 | D:1      | Gained mutation: You are surrounded by a mild repulsion
                  | field. (EV +2) [demonic ancestry]
   866 | D:1      | Reached XP level 3. HP: 28/29 MP: 3/3
  1058 | D:2      | Reached ** piety under Trog
  1197 | D:2      | Found a hide-covered altar of Uskayaw.
  2014 | D:3      | Gained mutation: You sometimes emit foul miasma when
                  | damaged in melee. [demonic ancestry]
  2014 | D:3      | Reached XP level 4. HP: 31/35 MP: 4/4
  2074 | D:3      | Noticed Robin
  2100 | D:3      | Killed Robin
  2101 | D:3      | Reached XP level 5. HP: 35/42 MP: 5/5
  2132 | D:3      | Found a shadowy altar of Dithmenos.
  2180 | D:3      | Found a burning altar of Makhleb.
  2255 | D:3      | Found a bloodstained altar of Trog.
  2278 | D:3      | Noticed Ijyb
  2290 | D:3      | Noticed an eye of devastation
  2300 | D:3      | Killed Ijyb
  2301 | D:3      | Reached skill level 4 in Fighting
  2316 | D:3      | Found a faded altar of an unknown god.
  2319 | D:3      | Noticed a shining eye
  2325 | D:3      | Noticed a great orb of eyes
  2328 | D:3      | Noticed a floating eye
  2870 | D:4      | Found a runed translucent door.
  2870 | D:4      | Noticed a human
  2882 | D:4      | Found a basalt altar of Yredelemnul.
  2898 | D:4      | Noticed an ogre
  2909 | D:4      | Killed an ogre
  2910 | D:4      | Gained mutation: You are surrounded by a moderate repulsion
                  | field. (EV +3) [demonic ancestry]
  2910 | D:4      | Reached XP level 6. HP: 48/48 MP: 6/6
  3042 | D:4      | Noticed Sigmund
  3055 | D:4      | Killed Sigmund
  3571 | D:5      | Entered Level 5 of the Dungeon
  3584 | D:5      | Reached XP level 7. HP: 55/55 MP: 7/7
  3657 | D:5      | Found a glowing drain.
  3707 | Sewer    | Entered a sewer
  3753 | Sewer    | Noticed Pargi
  3762 | Sewer    | Killed Pargi
  3763 | Sewer    | Reached skill level 5 in Fighting
  4115 | D:5      | Noticed Blork the orc
  4125 | D:5      | Killed Blork the orc
  4125 | D:5      | Reached *** piety under Trog
  4618 | D:6      | Found an ornate altar of the Wu Jian Council.
  4679 | D:6      | Reached skill level 5 in Axes
  4679 | D:6      | Reached XP level 8. HP: 32/63 MP: 8/8
  4815 | D:6      | Found an ancient bone altar of Kikubaaqudgha.
  5358 | D:6      | Found a staircase to the Ecumenical Temple.
  5447 | D:6      | Reached skill level 5 in Dodging
  5455 | D:6      | Reached skill level 5 in Armour
  5756 | D:7      | Reached skill level 6 in Fighting
  6029 | D:7      | Noticed Jeremiah
  6059 | D:7      | Killed Jeremiah
  6060 | D:7      | Reached XP level 9. HP: 35/71 MP: 9/9
  6965 | D:8      | Reached skill level 7 in Fighting
  8233 | D:9      | Noticed a troll
  8239 | D:9      | Killed a troll
  8414 | D:9      | Noticed Pikel
  8421 | D:9      | Killed Pikel
  8422 | D:9      | Gained mutation: You are partially covered in sharp spines.
                  | [demonic ancestry]
  8422 | D:9      | Reached XP level 10. HP: 80/80 MP: 10/10
  8531 | D:9      | Reached skill level 8 in Fighting
  8618 | D:9      | Noticed a soul eater
  8766 | D:9      | Found an iron altar of Okawaru.
  9028 | D:9      | Noticed Grum
  9041 | D:9      | Killed Grum
  9438 | D:10     | Entered Level 10 of the Dungeon
  9457 | D:10     | Found a shimmering altar of Xom.
  9510 | D:10     | Found a staircase to the Orcish Mines.
  9636 | D:10     | Reached **** piety under Trog
  9687 | D:10     | Found a hazy altar of Hepliaklqana.
  9772 | D:10     | Noticed a two-headed ogre
  9782 | D:10     | Killed a two-headed ogre
  9803 | D:10     | Reached skill level 9 in Fighting
 10079 | D:10     | Found a shimmering blue altar of Sif Muna.
 10408 | D:11     | Noticed a death yak
 10409 | D:11     | Noticed a death yak
 10412 | D:11     | Noticed a death yak
 10423 | D:11     | Killed a death yak
 10424 | D:11     | Gained mutation: You are surrounded by a strong repulsion
                  | field. (EV +4, RMsl) [demonic ancestry]
 10424 | D:11     | Reached XP level 11. HP: 89/89 MP: 11/11
 10440 | D:11     | Mangled by a death yak

Illustrated notes

Levels and vault maps discovered:
D:1:      shiori_arrival_whats_in_store_for_you, layout_basic,
          nicolae_concentric_dashed_squares_wild
D:2:      layout_basic, basic_altar
D:3:      layout_loops_cross, trog_three_pillars_becter, old_standard_altar,
          mainiacjoe_overflow_concentric_impassable,
          hellmonk_ecumenical_altar_watching_god, grunt_ministairs_6,
          minmay_surrounded, uniq_robin, uniq_ijyb
D:4:      layout_basic, dk_yredelemnul_ordeal, amcnicky_mini_corridor_feature,
          uniq_sigmund
D:5:      layout_rooms, gup_sewer_entry_glass, uniq_blork_the_orc
D:6:      layout_basic, mainiacjoe_overflow_tiny_flanked,
          mainiacjoe_overflow_six_doors_small, minmay_temple_entry_from_below_a,
          minmay_misc_feat_square
D:7:      layout_basic, uniq_jeremiah
D:8:      layout_loops_ring
D:9:      layout_basic, okawaru_humans, palyth_stone_intersect, uniq_grum,
          uniq_pikel
D:10:     layout_loops_ring, nzn_hepliaklqana_mist_gate,
          mainiacjoe_overflow_cross_hatched, tgw_sif, orc_0_dummy
D:11:     layout_roguey, dpeg_lair_monsters, interstate_on_off

Skill      XL: |  1  2  3  4  5  6  7  8  9 10 |
---------------+-------------------------------+-----
Armour         | 2 3 4 5 6 8 |  8.1
Dodging        | 2 3 4 5 6 8 |  8.1
Axes           | 3 4 5 6 7 8 |  8.4
Fighting       | 4 5 6 7 9 |  9.2

Action                     |  1- 3 |  4- 6 |  7- 9 | 10-12 || total
---------------------------+-------+-------+-------+-------++-------
  Melee: Hand axe          |    98 |   120 |   394 |    41 ||   653
         Punch             |       |     1 |     3 |       ||     4
         War axe           |       |       |       |   102 ||   102
  Throw: Dart              |       |       |       |     8 ||     8
 Invoke: Berserk           |     2 |     6 |    10 |     3 ||    21
  Evoke: Wand              |       |       |       |     1 ||     1
    Use: Scroll            |       |       |     6 |       ||     6
         Potion            |       |       |     1 |     1 ||     2
   Stab: Distracted        |       |     1 |       |       ||     1
 Armour: Animal skin       |    15 |       |       |       ||    15
         Scale mail        |     2 |    56 |     6 |       ||    64
         Plate armour      |       |       |   271 |    52 ||   323
         Chain mail        |       |       |       |    13 ||    13
  Dodge: Dodged            |    61 |   112 |   294 |   100 ||   567

Table legend: (Time is in decaauts)
 A = Elapsed time spent in this place.
 B = Non-inter-level travel time spent in this place.
 C = Inter-level travel time spent in this place.
 D = Time resting spent in this place.
 E = Time spent auto-exploring this place.
 F = Levels seen in this place.
 G = Mean time per level.
                   A        B        C        D        E       F      G
               +--------+--------+--------+--------+--------+-----+--------+
         Total |  10670 |  10216 |    454 |   1751 |   6585 |  12 |  889.2 |
       Dungeon |  10366 |   9912 |    454 |   1551 |   6572 |  11 |  942.4 |
         Sewer |    304 |    304 |      0 |    200 |     13 |   1 |  304.0 |
               +--------+--------+--------+--------+--------+-----+--------+

Top non-repeatable levels by time:
     D:7: 1373 daAuts
     D:9: 1317 daAuts
     D:6: 1287 daAuts
     D:8: 1075 daAuts
     D:2: 1074 daAuts
     D:1: 956 daAuts
    D:10: 930 daAuts
     D:3: 828 daAuts
     D:4: 808 daAuts
     D:5: 627 daAuts
   Sewer: 304 daAuts
    D:11: 85 daAuts
